 BcadrenCrawl: Boulder Brew version 0.06-240-gf756cca71e (webtiles) character file.

Game seed: 6635162822961350043, levelgen mode: deterministic

2181 gruber the Protected (level 9, -2/118 HPs) Minotaur Berserker. Began on Aug 13, 2022. Was an Elder of Trog. Slain by a meliai zombie ... wielding a cursed +0 hatchet of electrocution {(Curse: *Slow Fragile)} (3 damage) ... on level 4 of the Dungeon. The game lasted 00:10:15 (3740 turns).

gruber the Protected (Minotaur Berserker)           Turns: 3740, Time: 00:10:16

Health: -2/118     AC:  7    Str: 32    XL:     9 ^: 2412
Magic:  2/2        EV: 21    Int:  4    God:    Trog [4* [116]]
Gold:   127        SH:  0    Dex: 13    Spells: 8/8 levels left

rFire    . . .     Slash    .   w - +3 leiomano (antimagic)
rCold    . . .     Pierce   .   (no weapon)
rNeg     . . .     Bludgeon .   j - +0 ring mail
rCorr    . . .     Vision   .   (helmet restricted)
rPois    .         Gourm    .   (no cloak)
rElec    .         Faith    .   (no gloves)
MR       .....     Spirit   .   (no boots)
HPRegen  0.89/turn Reflect  .   o - amulet of regeneration
MPRegen  0.12/turn Harm     .   f - ring of evasion Stlth ..........Rnd*Rage +
                                k - ring of strength

@: berserking, studying Armour, very quick
A: horns, retaliatory headbutt 2, soft flesh
a: Berserk, Trog's Hand, Brothers in Arms, Renounce Religion


You were on level 4 of the Dungeon.
You worshipped Trog.
Trog was greatly pleased with you.
You were hungry.

You visited 1 branch of the dungeon, and saw 4 of its levels.

You collected 127 gold pieces.

Inventory:

Weapons
 l - a +2 antimagic dire flail
 m - a +0 whip of caustic ooze
 w - a +3 antimagic leiomano (weapon)
Armour
 j - a +0 ring mail (worn)
Jewellery
 f - a ring of evasion (left hand)
 g - an uncursed ring of resist corrosion
 i - an uncursed ring of dexterity
 k - a ring of strength (right hand)
 o - an amulet of regeneration (around neck)
Scrolls
 e - a scroll of teleportation
 h - a scroll of fog
 p - 2 scrolls of enchantment
 t - a scroll of bless item
Potions
 a - a potion of resistance
 b - a potion of cancellation
 d - a potion of might
 n - 3 potions of lignification
 q - 2 potions of curing
 r - 2 potions of magic
 s - a potion of brilliance
 v - a potion of berserk rage
Comestibles
 c - 12 rations
 u - a chunk of flesh


   Skills:
 - Level 7.2 Fighting
 - Level 7.0 Whips & Flails
 * Level 10.5 Armour
 - Level 7.7 Dodging


You had 8 spell levels left.
You didn't know any spells.
Your spell library was empty.

Dungeon Overview and Level Annotations

Branches:
Dungeon (4/8)
 Temple: D:4

Altars:
Elyvilon
Kikubaaqudgha
Xom


Innate Abilities, Weirdness & Mutations

You reflexively attack those that strike you in melee with your horns.
((Your soft flesh is weak to deep cuts.
Heavy manmade armour will nullify this weakness. (rSlashing-)))
You frequently lose your temper in combat.
This godly rage surpasses even clarity. (*Rage)


Message History

The meliai zombie hits you with a cursed +0 hatchet of electrocution {(Curse: *Slow Fragile)} (8)!
* * * LOW HITPOINT WARNING * * *
You are shocked (6).
* * * LOW HITPOINT WARNING * * *
The meliai zombie closely misses you. You furiously retaliate!
You headbutt the meliai zombie (24)!!
The meliai zombie hits you with a cursed +0 hatchet of electrocution {(Curse: *Slow Fragile)} (4).
* * * LOW HITPOINT WARNING * * *
You are shocked (6).
* * * LOW HITPOINT WARNING * * *
Unknown command.
Unknown command.
Unknown command.
You miss the meliai zombie. You hit the meliai zombie (3).
Your headbutt misses the meliai zombie.
The meliai zombie is heavily damaged. (31/61) HP The meliai zombie hits you with a cursed +0 hatchet of electrocution {(Curse: *Slow Fragile)} (6).
* * * LOW HITPOINT WARNING * * *
You are shocked (3).
You die...

#........#.....#
#..###...
######........#.....#
#.. ...
#....'........#.....#
#.####......#.# ..
##'#####.# .# #.#
##'###.# #.#
##......# #.#
#.......# #.#
#.....@.# #.#
#....##Z# #.# ###'##
.# #.# #.# .. #.# .##
#. .# .. .#


You could see a meliai zombie.

Vanquished Creatures
  Sigmund (D:2)
  A wolf spider zombie (D:4)
  A water moccasin (D:2)
  A porcupine (D:3)
  An ogre (D:3)
  3 big kobolds (D:2)
  A howler monkey (D:3)
  3 orc priests
  2 hounds
  9 jellies (D:2)
  An iguana (D:3)
  3 orc wizards (D:3)
  2 worker ants (D:3)
  A wyvern skeleton (D:3)
  15 giant cockroaches
  9 adders
  27 sewer rats
  8 cinder newts
  3 bullfrogs (D:2)
  5 oozes
  6 worms (D:2)
  9 leopard geckos
  21 orcs
  3 adder skeletons
  2 ball pythons (D:2)
  2 cinder newt skeletons (D:2)
  3 goblins (D:1)
  3 hobgoblins
  8 kobolds
  6 bats
  2 goblin skeletons (D:2)
  A hobgoblin skeleton (D:2)
  A kobold skeleton (D:2)
  An orc skeleton (D:2)
  5 rats
  A giant blowfly (D:2)
  2 withered plants (D:2)
173 creatures vanquished.

Vanquished Creatures (others)
  A quokka (D:2)
  A ball python (D:2)
  2 bats (D:2)
  A goblin skeleton (D:2)
  A kobold (D:2)
  A rat skeleton (D:2)
  2 giant blowflies (D:2)
  4 slimeheads (D:2)
  157 withered plants (D:2)
170 creatures vanquished.

Grand Total: 343 creatures vanquished

Notes
Turn   | Place    | Note
-------+----------+-------------------------------------------
     0 | D:1      | gruber the Minotaur Berserker began the quest for the Orb.
     0 | D:1      | Reached XP level 1. HP: 19/19 MP: 0/0
   100 | D:1      | Reached XP level 2. HP: 16/26 MP: 1/1
   119 | D:1      | Reached skill level 5 in Whips & Flails
   121 | D:1      | Reached XP level 3. HP: 16/31 MP: 2/2
   625 | D:1      | Identified a scroll of acquirement
   646 | D:1      | Reached XP level 4. HP: 36/39 MP: 3/3
   839 | D:2      | Noticed a water moccasin
   920 | D:2      | Reached XP level 5. HP: 13/45 MP: 4/4
  1055 | D:2      | Received a gift from Trog
  1110 | D:2      | Reached ** piety under Trog
  1113 | D:2      | Reached skill level 5 in Fighting
  1129 | D:2      | Reached XP level 6. HP: 29/56 MP: 5/5
  1177 | D:2      | Killed a water moccasin
  1490 | D:2      | Found a shimmering altar of Xom.
  1612 | D:2      | Reached skill level 3 in Armour
  1618 | D:2      | Found a white marble altar of Elyvilon.
  1624 | D:2      | Reached XP level 7. HP: 66/66 MP: 6/6
  1649 | D:2      | Reached skill level 4 in Armour
  1747 | D:2      | Reached *** piety under Trog
  1777 | D:2      | Found an ancient bone altar of Kikubaaqudgha.
  1782 | D:2      | Reached skill level 5 in Armour
  1943 | D:2      | Reached skill level 6 in Armour
  2083 | D:2      | Noticed Sigmund
  2089 | D:2      | Received a gift from Trog
  2195 | D:2      | Killed Sigmund
  2195 | D:2      | Reached skill level 5 in Dodging
  2195 | D:2      | Reached XP level 8. HP: 71/73 MP: 2/7
  2977 | D:3      | Reached **** piety under Trog
  3062 | D:3      | Identified the +2 pair of boots of Bitterness {Int+4} (You
                  | acquired it on level 3 of the Dungeon)
  3130 | D:3      | Reached skill level 8 in Armour
  3448 | D:3      | Reached skill level 9 in Armour
  3558 | D:3      | Reached XP level 9. HP: 65/79 MP: 8/8
  3659 | D:4      | Received a gift from Trog
  3677 | D:4      | Reached skill level 10 in Armour
  3740 | D:4      | HP: 1/118 [meliai zombie/cursed +0 hatchet of electrocution
                  | {(Curse: *Slow Fragile)} (6)]
  3740 | D:4      | Slain by a meliai zombie

Levels and vault maps discovered:
D:1:      lightli_arrival_statue_moat, layout_loops_cross,
          mrwooster_statue_mirror, portal_sewer_entry_f
D:2:      minmay_chambers_of_threes, layout_sewer, elyvilon_altar_4,
          lemuel_round_altar, first_ration, basic_altar, uniq_sigmund
D:3:      layout_basic
D:4:      layout_basic, minmay_temple_entry_wispy, uniq_maurice

Skill      XL: |  1  2  3  4  5  6  7  8  9 |
---------------+----------------------------+-----
Whips & Flails | 4 5 6 7 |  7.0
Fighting       | 5 7 |  7.2
Armour         | 3 6 9 10 | 10.5
Dodging        | 5 7 |  7.7

Action                   |  1- 3 |  4- 6 |  7- 9 || total
-------------------------+-------+-------+-------++-------
Melee: Whip              |    41 |    68 |   235 ||   344
       Unarmed           |    26 |    57 |   192 ||   275
       Headbutt          |     5 |    17 |    54 ||    76
       Dire flail        |       |       |     3 ||     3
       Leiomano          |       |       |     3 ||     3
Invok: Berserk           |     2 |     3 |     4 ||     9
       Trog's Hand       |       |     1 |     1 ||     2
  Use: Scroll            |       |       |     1 ||     1
  Eat: Chunk             |       |     6 |    10 ||    16
Armor: Animal skin       |     4 |     6 |     5 ||    15
       Ring mail         |       |       |    32 ||    32
Dodge: Dodged            |     8 |    28 |    93 ||   129
